 Dungeon Crawl Stone Soup version 0.30-b1-2-g02819fbbbe (webtiles) character file.

Game seed: 16312848394679939254

371 Metae the Shield-Bearer (level 6, -9/56 HPs)
             Began as a Minotaur Fighter on June 28, 2023.
             Mangled by Crazy Yiuf
             ... wielding a +4 quarterstaff of chaos
              (13 damage)
             ... on level 2 of the Dungeon.
             The game lasted 00:07:08 (3639 turns).

Metae the Shield-Bearer (Minotaur Fighter)          Turns: 3639, Time: 00:07:08

Health: -9/56      AC:  7    Str: 22    XL:     6   Next: 42%
Magic:  5/5        EV: 10    Int:  5    God:
Gold:   172        SH:  5    Dex: 10    Spells: 5/5 levels left

rFire   . . .        e - +1 dagger (freeze)
rCold   . . .        c - +0 buckler
rNeg    . . .        b - +0 scale mail
rPois   .            (helmet restricted)
rElec   .            (no cloak)
rCorr   .            (no gloves)
SInv    .            (no boots)
Will    .....        o - amulet of the acrobat Stlth
                     (no ring)
HPRegen 0.29/turn    (no ring)
MPRegen 0.09/turn

%: acrobat
@: no status effects
A: horns 2, retaliatory headbutt
a: no special abilities


You were on level 2 of the Dungeon.
You visited 1 branch of the dungeon, and saw 4 of its levels.

You collected 172 gold pieces.

Inventory:

Hand Weapons
 a - a +0 rapier
 e - a +1 dagger of freezing (weapon)
 r - a +0 whip of draining
Armour
 b - a +0 scale mail (worn)
 c - a +0 buckler (worn)
Jewellery
 o - an amulet of the acrobat (around neck)
Wands
 n - a wand of mindburst (21)
Scrolls
 f - 2 scrolls of brand weapon {unknown}
 g - 4 scrolls of identify {unknown}
 h - a scroll of fog {unknown}
 j - 3 scrolls of noise {unknown}
 m - 2 scrolls of amnesia {unknown}
 s - 2 scrolls of blinking {unknown}
 t - a scroll of poison {unknown}
 u - a scroll of teleportation {unknown}
Potions
 d - a potion of might
 i - 5 potions of degeneration {unknown}
 k - a potion of curing {unknown}
 l - 2 potions of ambrosia {unknown}
 p - a potion of resistance {unknown}
 q - a potion of lignification {unknown}


   Skills:
 + Level 5.0 Fighting
 + Level 3.8 Short Blades
 + Level 5.0 Armour
 + Level 3.0 Dodging
 + Level 5.1 Shields


You had 5 spell levels left.
You didn't know any spells.
Your spell library was empty.

Dungeon Overview and Level Annotations

Branches:
Dungeon (4/15)
 Temple: D:4-7

Altars:
Dithmenos

Annotations:
D:2 Crazy Yiuf


Innate Abilities, Weirdness & Mutations

You have a pair of horns on your head.
You reflexively headbutt those who attack you in melee.


Message History

You see here a +0 hand axe.
You see here a ball python skeleton.
Crazy Yiuf shouts!
You open the door. You hit Crazy Yiuf but do no damage.
Crazy Yiuf says, "I'm not crazy!"
Crazy Yiuf hits you with a +4 quarterstaff of chaos!
Crazy Yiuf freezes you.
You closely miss Crazy Yiuf.
Crazy Yiuf waves his quarterstaff at you.
Crazy Yiuf barely misses you.
You barely miss Crazy Yiuf. Crazy Yiuf barely misses you.
You hit Crazy Yiuf but do no damage. Crazy Yiuf barely misses you.
You closely miss Crazy Yiuf.
Crazy Yiuf hits you with a +4 quarterstaff of chaos!
You hit Crazy Yiuf but do no damage. You hit Crazy Yiuf but do no damage.
Crazy Yiuf hits you with a +4 quarterstaff of chaos.
You hit Crazy Yiuf. You freeze Crazy Yiuf.
Crazy Yiuf is lightly wounded.
Crazy Yiuf barely misses you.
You hit Crazy Yiuf. You freeze Crazy Yiuf.
Crazy Yiuf is moderately wounded.
Crazy Yiuf hits you with a +4 quarterstaff of chaos.
Crazy Yiuf freezes you.
You barely miss Crazy Yiuf.
Crazy Yiuf is moderately wounded.
Crazy Yiuf hits you with a +4 quarterstaff of chaos!
* * * LOW HITPOINT WARNING * * *
Crazy Yiuf freezes you.
* * * LOW HITPOINT WARNING * * *
You hit Crazy Yiuf. You freeze Crazy Yiuf. Your headbutt misses Crazy Yiuf.
Crazy Yiuf is severely wounded.
You block Crazy Yiuf's attack.
You barely miss Crazy Yiuf. You headbutt Crazy Yiuf.
Crazy Yiuf is severely wounded.
Crazy Yiuf hits you with a +4 quarterstaff of chaos.
* * * LOW HITPOINT WARNING * * *
You are electrocuted!
You die...

# ##...##
#....####.#
# ####'##
#....# #..#
# #.....#
#....# ####
#.##..#
##...#
####.##..#
##.##
.......).##
##.#
####......##
#.##
#.......#
##.#
####.####
#@## #.# #g#
#.# ... #.#
#...#
###.####
#)..#
#......#
##### #
#.#.#### #
#.#.# ### #
#.#.#####.#


You could see Crazy Yiuf.

Vanquished Creatures
  A black bear (D:3)
  A gnoll bouda (D:3)
  Natasha (thrice) (D:3)
  8 gnolls (D:3)
  4 adders (D:2)
  2 dart slugs (D:3)
  5 bats
  4 endoplasms
  2 giant cockroaches
  9 goblins
  5 hobgoblins
  5 kobolds
  4 quokkas
  9 ball pythons
  3 frilled lizards
  2 rats
67 creatures vanquished.

Vanquished Creatures (others)
  9 plants (D:2)
9 creatures vanquished.

Grand Total: 76 creatures vanquished

Notes
Turn   | Place    | Note
-------+----------+-------------------------------------------
     0 | D:1      | Metae the Minotaur Fighter began the quest for the Orb.
     0 | D:1      | Reached XP level 1. HP: 19/19 MP: 0/0
   166 | D:1      | Reached XP level 2. HP: 27/27 MP: 1/1
   253 | D:1      | Reached skill level 1 in Dodging
   816 | D:2      | Identified the +6 chain mail "Hapueqom" {rF+ rC+ Int+3}
   818 | D:2      | You fall into a shaft and drop 1 floor!
   898 | D:3      | Reached XP level 3. HP: 16/33 MP: 2/2
  1077 | D:3      | Reached XP level 4. HP: 37/40 MP: 3/3
  1279 | D:3      | Noticed Natasha
  1288 | D:3      | Killed Natasha
  1346 | D:3      | Found a shadowy altar of Dithmenos.
  1431 | D:3      | Noticed Natasha
  1435 | D:3      | Killed Natasha
  1444 | D:3      | Noticed Natasha
  1457 | D:3      | Killed Natasha
  1458 | D:3      | Reached XP level 5. HP: 41/47 MP: 4/4
  2259 | D:3      | Found a faded altar of an unknown god.
  2259 | D:3      | Noticed a black bear
  2369 | D:3      | Killed a black bear
  2370 | D:3      | Reached skill level 5 in Armour
  2370 | D:3      | Reached skill level 5 in Shields
  2370 | D:3      | Reached XP level 6. HP: 39/55 MP: 5/5
  3094 | D:2      | Reached skill level 5 in Fighting
  3430 | D:2      | Found a runed translucent door.
  3431 | D:2      | Noticed Crazy Yiuf
  3639 | D:2      | Mangled by Crazy Yiuf

Illustrated notes

Levels and vault maps discovered:
D:1:      sevenhm_arrival_forest_fort_large_2, layout_rooms, serial_aquarium,
          aquarium_bridge_long_separate [aquarium_subvault_wall,
          aquarium_subvault_bridge, aquarium_subvault_wall,
          aquarium_subvault_bridge, aquarium_subvault_window,
          aquarium_subvault_bridge], aquarium_window_fake, aquarium_window_fake,
          aquarium_window_double, aquarium_window_1, aquarium_view_2d,
          aquarium_view_2e, aquarium_pool_five
D:2:      wad_lake_hut, layout_loops_corners, uniq_crazy_yiuf_cottage
D:3:      layout_basic, mainiacjoe_overflow_alcove_2, basic_ecumenical_altar,
          uniq_natasha
D:4:      layout_loops_corners, overflow_temple_1_default,
          mainiacjoe_overflow_catwalk, minmay_quadrilaterals

Skill      XL: |  1  2  3  4  5  6 |
---------------+-------------------+-----
Dodging        | 1 2 3 |  3.0
Shields        | 4 5 |  5.1
Fighting       | 4 5 |  5.0
Armour         | 4 5 |  5.0
Short Blades   | 3 |  3.8

Action                     |  1- 3 |  4- 6 || total
---------------------------+-------+-------++-------
  Melee: Rapier            |    13 |       ||    13
         Headbutt          |    15 |    21 ||    36
         Dagger            |    54 |   140 ||   194
 Armour: Scale mail        |    22 |    43 ||    65
  Dodge: Dodged            |    30 |    74 ||   104
  Block: Buckler           |    17 |    22 ||    39
